 Dungeon Crawl Stone Soup version 0.18-a0-1024-gf1736fb (webtiles) character file.

53 Duffy the Magician (level 3, -4/19 HPs)
             Began as a Deep Elf Wizard on Jan 7, 2016.
             Killed from afar by an orc wizard (7 damage)
             ... with a puff of frost
             ... on level 3 of the Dungeon.
             The game lasted 00:01:13 (1773 turns).

Duffy the Magician (Deep Elf Wizard)                Turns: 1773, Time: 00:01:13

Health: -4/19      AC:  2    Str:  4    XL:     3   Next: 64%
Magic:  5/10       EV: 12    Int: 23    God:
Gold:   46         SH:  0    Dex: 13    Spells: 1 memorised, 9 levels left

rFire  . . .     SeeInvis .     (no weapon)
rCold  . . .     Gourm    .     a - +0 robe
rNeg   . . .     Faith    .     (no shield)
rPois  .         Spirit   .     b - +0 hat
rElec  .         Dismiss  .     (no cloak)
rCorr  .         Reflect  .     (no gloves)
SustAt .         Harm     .     (no boots)
MR     .....                    (no amulet)
Stlth  ++........               (no ring)
                                (no ring)

@: not resistant to hostile enchantments, unstealthy
A: no striking features
a: no special abilities


You were on level 3 of the Dungeon.
You were not hungry.

You visited 1 branch of the dungeon, and saw 3 of its levels.

You collected 46 gold pieces.


   Skills:
 - Level 2.4 Dodging
 - Level 2.4 Stealth
 - Level 4.4 Spellcasting
 + Level 4.0 Conjurations
   Level 1.1 Summonings
   Level 1.1 Translocations


You had 9 spell levels left.
You knew the following spells:

 Your Spells              Type           Power        Failure   Level  Hunger
a - Magic Dart            Conj           ###.         1%          1    None

Inventory:

Armour
 a - a +0 robe (worn)
 b - a +0 hat (worn)
Scrolls
 k - a scroll of blinking {unknown}
 l - a scroll of random uselessness {unknown}
 m - a scroll of identify {unknown}
 n - 3 scrolls of remove curse {unknown}
Potions
 e - 2 potions of resistance {unknown}
 g - a potion of curing {unknown}
 h - 2 potions of brilliance {unknown}
 i - a potion of degeneration {unknown}
 j - a potion of magic {unknown}
Books
 c - a book of Minor Magic
Comestibles
 d - a bread ration
 f - a beef jerky

Dungeon Overview and Level Annotations

Branches:
Dungeon (3/15)

Altars:
Yredelemnul


Message History

The magic dart hits the orc wizard.
The orc wizard is lightly wounded.
Cast which spell? (? or * to list)
Aiming: Magic Dart
Press: ? - help, Shift-Dir - straight line, f/p - orc wizard
Aim: an orc wizard, wielding a dagger and wearing a robe (lightly wounded)
The magic dart hits the orc wizard.
The orc wizard is lightly wounded.
The orc wizard points at you and mumbles some strange words.
The puff of flame hits you!
Cast which spell? (? or * to list)
Aiming: Magic Dart
Press: ? - help, Shift-Dir - straight line, f/p - orc wizard
Aim: an orc wizard, wielding a dagger and wearing a robe (lightly wounded)
The magic dart hits the orc wizard.
The orc wizard is moderately wounded.
The orc wizard casts a spell at you. The puff of frost misses you.
Cast which spell? (? or * to list)
Aiming: Magic Dart
Press: ? - help, Shift-Dir - straight line, f/p - orc wizard
Aim: an orc wizard, wielding a dagger and wearing a robe (moderately wounded)
The magic dart hits the orc wizard.
The orc wizard is almost dead.
The orc wizard points at you and mumbles some strange words.
The puff of frost hits you!
Cast which spell? (? or * to list)
Aiming: Magic Dart
Press: ? - help, Shift-Dir - straight line, f/p - orc wizard
Aim: an orc wizard, wielding a dagger and wearing a robe (almost dead)
The magic dart hits the orc wizard.
The orc wizard is almost dead.
The orc wizard casts a spell at you. The puff of frost hits you!
You die...

........#######.......
(......###............
....#..# #.####.......
##..#..# #..##......#.
.. #..## #.#.......##
#...###...##.##.##
#.........##.##.#.
#.........#####...
#@.##..##.##.#....
........)##..##.##......
.........######.........
.....%...# #.........
...###...# ....#..## ..
$..o# ...##. # . ......
. #. # ...... #.


You could see an orc wizard.

Action                   || total
-------------------------++-------
 Cast: Magic Dart        ||    78
  Eat: Chunk             ||     2

Notes
Turn   | Place    | Note
--------------------------------------------------------------
     0 | D:1      | Duffy the Deep Elf Wizard began the quest for the Orb.
     0 | D:1      | Reached XP level 1. HP: 10/10 MP: 7/7
   261 | D:1      | Reached skill level 2 in Conjurations
   379 | D:1      | Reached XP level 2. HP: 15/15 MP: 5/9
   914 | D:2      | Reached skill level 3 in Conjurations
  1025 | D:2      | Reached XP level 3. HP: 12/19 MP: 6/10
  1037 | D:2      | Found a basalt altar of Yredelemnul.
  1730 | D:3      | Reached skill level 4 in Conjurations
  1773 | D:3      | Killed from afar by an orc wizard

Vault maps used:
D:1:      lightli_molten_gateway
D:2:      marbit_many_paths, kennysheep_boxes
D:3:      lemuel_round_altar, ecumenical_altar_2, hangedman_decor_growths

Vanquished Creatures
  An adder
  An ooze
  2 worms
  2 giant geckos
  An orc
  3 bats
  3 giant cockroaches
  4 goblins
  2 hobgoblins
  2 jackals
  3 giant newts
  2 kobolds
  7 rats
33 creatures vanquished.
